 Dungeon Crawl Stone Soup version 0.22.0-27-ga576289601 (webtiles) character file.

247 LLavrengius the Vandal (level 6, -4/42 HPs)
             Began as a Halfling Arcane Marksman on Aug 23, 2018.
             Was an Initiate of Okawaru.
             Killed from afar by an orc wizard (8 damage)
             ... with a puff of flame
             ... on level 4 of the Dungeon.
             The game lasted 00:12:30 (3589 turns).

LLavrengius the Vandal (Halfling Arcane Marksman)   Turns: 3589, Time: 00:12:31

Health: -4/42      AC:  3    Str: 13    XL:     6   Next: 34%
Magic:  7/7        EV: 16    Int: 11    God:    Okawaru [......]
Gold:   107        SH:  0    Dex: 15    Spells: 3/7 levels left

rFire    . . .     SeeInvis .   a - +0 hunting sling
rCold    . . .     Gourm    .   (shield restricted)
rNeg     . . .     Faith    .   e - +0 robe
rPois    .         Spirit   .   (no helmet)
rElec    .         Reflect  .   (no cloak)
rCorr    .         Harm     .   (no gloves)
MR       .....                  u - +0 pair of boots
Stlth    +.........             (no amulet)
HPRegen  0.14/turn              (no ring)
MPRegen  0.10/turn              (no ring)

@: lethally poisoned (-4 -> -5)
A: small, mutation resistance 1
a: Renounce Religion


You were on level 4 of the Dungeon.
You worshipped Okawaru.
Okawaru was noncommittal.
You were not hungry.

You visited 1 branch of the dungeon, and saw 4 of its levels.

You collected 107 gold pieces.

Inventory:

Hand Weapons
 a - a +0 hunting sling (weapon)
 k - a +0 short sword
Missiles
 b - 38 stones
 d - 17 sling bullets (quivered)
Armour
 e - a +0 robe (worn)
 u - a +0 pair of boots (worn)
Jewellery
 t - an uncursed amulet of harm {unknown}
 w - an uncursed amulet of faith {unknown}
Wands
 n - a wand of paralysis (11)
 y - a wand of iceblast (5)
Scrolls
 c - 5 scrolls of identify {unknown}
 l - 2 scrolls of amnesia {unknown}
 m - a scroll of blinking {unknown}
 p - a scroll of random uselessness {unknown}
 q - 2 scrolls of magic mapping {unknown}
 s - a scroll of fear {unknown}
Potions
 g - 2 potions of cancellation {unknown}
 h - 4 potions of flight {unknown}
 i - a potion of lignification {unknown}
 j - a potion of magic {unknown}
 o - a potion of curing {unknown}
 r - a potion of brilliance {unknown}
 v - 3 potions of agility {unknown}
 x - a potion of heal wounds {unknown}
 z - a potion of berserk rage {unknown}
Comestibles
 f - 8 rations
 A - 4 chunks of flesh


   Skills:
 + Level 3.1 Fighting
 + Level 5.6 Slings
 - Level 3.0 Dodging
 - Level 1.0 Spellcasting
 + Level 2.9 Hexes
 + Level 1.7 Translocations


You had 3 spell levels left.
You knew the following spells:

 Your Spells              Type           Power        Failure   Level  Hunger
a - Corona                Hex            #......      10%         1    ##.....
b - Portal Projectile     Hex/Tloc       #.....       36%         3    ####...

Your spell library contained the following spells:

 Spells                   Type           Power        Failure   Level  Hunger
 Slow                     Hex            #.......     14%         2    ###....
 Inner Flame              Hex/Fire       #.......     47%         3    ####...
 Cause Fear               Hex            #.........   67%         4    #####..
 Leda's Liquefaction      Hex/Erth       #.........   87%         4    #####..


Dungeon Overview and Level Annotations

Branches:
Dungeon (4/15)
 Temple: D:4-7

Altars:
Okawaru
Qazlal
Trog

Annotations:
D:4 Grinder


Innate Abilities, Weirdness & Mutations

You are small and have problems with some larger weapons.
You are somewhat resistant to further mutation.


Message History

Press: ? - help, Shift-Dir - straight line, f/p - orc wizard
Aim: an orc wizard, wielding a dagger and wearing a robe (almost dead, fast)
You shoot a sling bullet.
The sling bullet closely misses the orc wizard.
You feel sick. The orc wizard closely misses you.
The orc wizard casts a spell.
The orc wizard flickers and vanishes!
Deactivating autopickup; reactivate with Ctrl-A.
Firing (i - inventory. (/) - cycle)
d - 17 sling bullets (quivered)
Press: ? - help, Shift-Dir - straight line, f - you
Okay, then.
You hear some strange, mumbled words.
A magic dart appears from out of thin air!
The magic dart hits you!
* * * LOW HITPOINT WARNING * * *
You feel sick.
You hear some strange, mumbled words.
A puff of flame appears from out of thin air!
The puff of flame hits you!
You die...

###.....# ........#
........# ........#
........# ........#
########
........######......##
.#####.......#.......#
. #.......'..@....# .
#.......#.(....######
#.....>.#......##...#
##...####...........#
#E#...# #...........#
###...## #....>..)(..#
..........#########(..#
#....._.... #(### #+
##......... #...# #..


There were no monsters in sight!

Vanquished Creatures
  2 orc wizards
  Terence (D:2)
  A worker ant (D:4)
  3 adders
  2 oozes
  2 worms
  3 dart slugs
  11 orcs
  4 bats
  2 giant cockroaches
  4 goblins
  13 hobgoblins
  10 jackals
  A quokka (D:3)
  2 ball pythons (D:2)
  5 frilled lizards
  12 kobolds
  5 rats
83 creatures vanquished.

Notes
Turn   | Place    | Note
-------+----------+-------------------------------------------
     0 | D:1      | LLavrengius the Halfling Arcane Marksman began the quest for the Orb.
     0 | D:1      | Reached XP level 1. HP: 12/12 MP: 2/2
    37 | D:1      | Reached skill level 1 in Fighting
    80 | D:1      | Reached XP level 2. HP: 18/18 MP: 3/3
   229 | D:1      | Reached XP level 3. HP: 23/23 MP: 4/4
   700 | D:1      | Reached skill level 4 in Slings
   827 | D:1      | You fall through a shaft!
  1065 | D:1      | Reached XP level 4. HP: 24/29 MP: 5/5
  1283 | D:2      | Noticed Terence
  1299 | D:2      | Killed Terence
  1757 | D:2      | Reached XP level 5. HP: 32/35 MP: 6/6
  1769 | D:2      | Learned a level 3 spell: Portal Projectile
  1795 | D:2      | Found an iron altar of Okawaru.
  1795 | D:2      | Found a bloodstained altar of Trog.
  1800 | D:2      | Became a worshipper of Warmaster Okawaru
  1869 | D:2      | Reached skill level 5 in Slings
  2428 | D:3      | Reached skill level 1 in Translocations
  3124 | D:4      | Noticed Grinder
  3142 | D:4      | Paralysed by Grinder for 6 turns
  3463 | D:4      | Found a stormy altar of Qazlal.
  3464 | D:4      | Noticed an air elemental
  3498 | D:4      | Reached XP level 6. HP: 41/41 MP: 7/7
  3589 | D:4      | Killed from afar by an orc wizard

Skill      XL: |  1  2  3  4  5  6 |
---------------+-------------------+-----
Fighting       | 1 2 3 |  3.1
Dodging        | 3 |  3.0
Slings         | 4 5 |  5.6
Translocations | 1 |  1.7
Spellcasting   | |  1.0
Hexes          | |  2.9

Action                   |  1- 3 |  4- 6 || total
-------------------------+-------+-------++-------
 Fire: Hunting sling     |   136 |   236 ||   372
  Eat: Chunk             |       |     8 ||     8
Armor: Robe              |     8 |    10 ||    18
Dodge: Dodged            |    65 |    79 ||   144
